 Dungeon Crawl Stone Soup version 0.22-a0-571-g4a923d4 (webtiles) character file.

37 iamserjio the Skirmisher (level 3, -1/24 HPs)
             Began as a Gargoyle Fighter on July 1, 2018.
             Killed by divine providence
             ... invoked by an orc priest
              (9 damage)
             ... on level 3 of the Dungeon.
             The game lasted 00:01:39 (243 turns).

iamserjio the Skirmisher (Gargoyle Fighter)          Turns: 243, Time: 00:01:39

Health: -1/24      AC: 10    Str: 24    XL:     3   Next: 41%
Magic:  3/3        EV:  7    Int:  8    God:
Gold:   70         SH:  9    Dex: 10    Spells: 2/2 levels left

rFire    . . .     SeeInvis .   a - +0 war axe
rCold    . . .     Gourm    .   c - +0 shield
rNeg     + . .     Faith    .   b - +0 scale mail
rPois    ∞         Spirit   .   (no helmet)
rElec    +         Reflect  .   (no cloak)
rCorr    .         Harm     .   (no gloves)
MR       .....                  (no boots)
Stlth    ..........             (no amulet)
HPRegen  0.08/turn              (no ring)
MPRegen  0.08/turn              (no ring)

@: mighty
A: negative energy resistance 1, electricity resistance, unbreathing,
petrification resistance, rot immunity, AC +3
a: no special abilities


You were on level 3 of the Dungeon.
You were not hungry.

You visited 1 branch of the dungeon, and saw 3 of its levels.

You collected 70 gold pieces.

Inventory:

Hand Weapons
 a - a +0 war axe (weapon)
Armour
 b - a +0 scale mail (worn)
 c - a +0 shield (worn)
Scrolls
 e - a scroll of fear {unknown}
 g - a scroll of identify {unknown}
 h - a scroll of noise {unknown}
 i - 2 scrolls of remove curse {unknown}
 j - a scroll of enchant armour {unknown}
Comestibles
 f - 4 rations


   Skills:
 + Level 3.7 Fighting
 * Level 2.6 Axes
 - Level 3.3 Armour
 + Level 3.7 Shields


You had 2 spell levels left.
You didn't know any spells.
Your spell library was empty.

Dungeon Overview and Level Annotations

Branches:
Dungeon (3/15)

Altars:


Innate Abilities, Weirdness & Mutations

You are resistant to torment.
Your stone body is resilient. (AC +3)
You are immune to poison.
You resist negative energy. (rN+)
You are resistant to electric shocks. (rElec)
You can survive without breathing.
You are immune to petrification.
You are immune to rotting.


Message History

The orc wizard seems to speed up.
The orc priest hits you.
* * * LOW HITPOINT WARNING * * *
A dart slug comes into view.
The orc hits you but does no damage.
You hear a shout!
You barely miss the orc priest.
The orc priest is moderately wounded.
You slash the orc!
You kill the orc!
The orc wizard casts a spell.
The orc wizard blinks!
You block the orc priest's attack.
The orc priest hits you but does no damage.
You closely miss the orc priest.
The orc priest is moderately wounded.
The orc priest begins to cast a cantrip, but forgets the words!
You completely miss the orc priest.
The orc priest is moderately wounded.
The orc priest invokes the aid of Beogh against you.
Beogh smites you!
You die...

######### #.
#.......#####...
#........o.w....
#.......@)g.....
#.......)#.##.#.
#........# #
########.o...
######


You could see an orc priest, an orc wizard, a dart slug and a goblin.

Vanquished Creatures
  An adder (D:2)
  An ooze (D:1)
  A worm (D:2)
  A dart slug (D:1)
  2 orcs (D:3)
  A goblin (D:1)
  3 hobgoblins
  2 frilled lizards
  4 kobolds
  3 rats (D:1)
19 creatures vanquished.

Notes
Turn   | Place    | Note
-------+----------+-------------------------------------------
     0 | D:1      | iamserjio the Gargoyle Fighter began the quest for the Orb.
     0 | D:1      | Reached XP level 1. HP: 14/14 MP: 1/1
   117 | D:1      | Reached XP level 2. HP: 16/19 MP: 2/2
   173 | D:1      | You fall through a shaft!
   193 | D:2      | Reached XP level 3. HP: 18/24 MP: 3/3
   243 | D:3      | Killed from afar by an orc priest

Vault maps used:
D:1:      roderic_octagonal_star
D:2:      nicolae_gozag_cash_rules_everything_around_me
D:3:      grunt_temple_overflow_open, first_ration, uniq_terence

Skill      XL: |  1 |
---------------+----+-----
Axes           | 2 |  2.6
Fighting       | |  3.7
Armour         | |  3.3
Shields        | |  3.7

Action                   || total
-------------------------++-------
Melee: War axe           ||    62
  Use: Potion            ||     1
Armor: Scale mail        ||    38
Dodge: Dodged            ||    21
Block: Shield            ||    33

Table legend:
 A = Spawn XP
 B = Non-spawn XP
 C = Spawn XP percentage of total XP
 D = Spawn monster count
 E = Non-spawn monster count
 F = Spawn count percentage of total count
 G = Total turns spent on level
                    A         B        C        D         E        F      G
               +---------+---------+-------+---------+---------+-------+---------
         Total |       0 |      54 |   0.0 |       0 |      19 |   0.0 |   243
               +---------+---------+-------+---------+---------+-------+---------
           D:1 |       0 |      24 |   0.0 |       0 |      11 |   0.0 |   144
           D:2 |       0 |      22 |   0.0 |       0 |       5 |   0.0 |    86
           D:3 |       0 |       8 |   0.0 |       0 |       3 |   0.0 |    13
               +---------+---------+-------+---------+---------+-------+---------
